 Dungeon Crawl Stone Soup version 0.31-a0-1620-gcbf77bbcfc (webtiles) character file.

Game seed: 13508802613601252301

7643 shadizar the Geomancer (level 11, -3/71 HPs)
             Began as a Gargoyle Earth Elementalist on Jan 11, 2024.
             Was a Priest of Vehumet.
             Slain by an orc warrior
             ... wielding a +0 broad axe
              (16 damage)
             ... in a bailey.
             The game lasted 00:26:43 (9077 turns).

shadizar the Geomancer (GrEE)                       Turns: 9077, Time: 00:26:44

Health: -3/71      AC: 18    Str: 12    XL:     11   Next: 18%
Magic:  20/22      EV:  9    Int: 20    God:    Vehumet [***...]
Gold:   889        SH:  0    Dex: 10    Spells: 21/25 levels left

rFire   + . .        s - staff of earth
rCold   . . .        (no shield)
rNeg    + . .        D - +1 scale mail {rF+}
rPois   ∞            (no helmet)
rElec   +            (no cloak)
rCorr   .            u - +1 pair of gloves
SInv    .            (no boots)
Will    +....        h - amulet of the acrobat Stlth
                     a - ring of willpower
HPRegen 0.31/turn    (no ring)
MPRegen 0.18/turn

%: acrobat
@: hasted, very quick
A: sickness immunity, AC +8, negative energy resistance 1, electricity
resistance, torment resistance 1, petrification resistance
a: Renounce Religion


You were in a bailey.
You worshipped Vehumet.
Vehumet was most pleased with you.
You visited 2 branches of the dungeon, and saw 10 of its levels.
You also visited: Sewer and Bailey.

You collected 934 gold pieces.
You spent 45 gold pieces at shops.

Inventory:

Hand Weapons
 k - the +6 quarterstaff of Sloth {flame, rPois rN+ Int+5 Dex-3}
   (You found it on level 4 of the Dungeon)

   Int+5:     It affects your intelligence (+5).
   Dex-3:     It affects your dexterity (-3).
   rPois:     It protects you from poison rN+: It protects you from negative
   energy.
 A - a +3 vampiric whip
Armour
 n - the +0 chain mail of Robben {rC- Regen+ Str+3 Int+3}
   (You found it on level 8 of the Dungeon)

   Str+3:     It affects your strength (+3).
   Int+3:     It affects your intelligence (+3).
   rC-:       It makes you vulnerable to cold.
   Regen+:    It increases your rate of health regeneration.
 u - a +1 pair of gloves (worn)
 z - a +2 tower shield
 D - a +1 scale mail of fire resistance (worn)
Magical Staves
 s - a staff of earth (weapon)
 y - a staff of fire
Jewellery
 a - a ring of willpower (left hand)
 h - an amulet of the acrobat (around neck)
Wands
 c - a wand of light (2)
 p - a wand of mindburst (15)
 x - a wand of flame (27)
 E - a wand of paralysis (19)
Scrolls
 q - 3 scrolls of enchant weapon
 t - 3 scrolls of fog
 v - 3 scrolls of teleportation
 C - a scroll of enchant armour
Potions
 d - a potion of brilliance {unknown}
 e - 2 potions of berserk rage
 f - 4 potions of curing
 g - a potion of cancellation {unknown}
 l - a potion of haste
 m - a potion of lignification {unknown}
 o - a potion of might {unknown}
 B - 4 potions of mutation {unknown}


   Skills:
 + Level 9.6 Fighting
 + Level 3.7 Armour
 + Level 3.4 Dodging
 - Level 2.1 Stealth
 + Level 7.8 Spellcasting
 + Level 7.6 Conjurations
 + Level 10.4 Earth Magic


You had 21 spell levels left.
You knew the following spells:

 Your Spells              Type           Power      Damage    Failure   Level
a - Sandblast             Erth           100%       2d20      1%          1
b - Stone Arrow           Conj/Erth      100%       3d13      1%          3

Your spell library contained the following spells:

 Spells                   Type           Power      Damage    Failure   Level
 Scorch                   Fire           14%        2d5       17%         2
 Passwall                 Erth           65%        N/A       1%          3
 Brom's Barrelling Bould  Conj/Erth      60%        2d8       2%          4
 Hailstorm                Conj/Ice       23%        3d7       7%          3
 Freeze                   Ice            28%        1d5       11%         1
 Frozen Ramparts          Ice            14%        1d3       30%         3
 Petrify                  Alch/Erth      43%        N/A       43%         4
 Irradiate                Conj/Alch      11%        3d15      50%         5
 Gell's Gravitas          Tloc           7%         N/A       77%         3
 Teleport Other           Tloc           7%         N/A       77%         3
 Borgnjor's Vile Clutch   Necr/Erth      21%        N/A       80%         5
 Orb of Destruction       Conj           19%        9d8       97%         7
 Animate Dead             Necr           7%         N/A       99%         4
 Summon Blazeheart Golem  Fire/Summ      7%         N/A       99%         4
 Death Channel            Necr           3%         N/A       100%        6
 Dispersal                Tloc           3%         N/A       100%        6
 Spellforged Servitor     Conj/Summ      11%        N/A       100%        7
 Sublimation of Blood     Necr           Unusable   N/A       N/A         2

Dungeon Overview and Level Annotations

Branches:
Dungeon (9/15)             Temple (1/1) D:4            Lair (0/5) D:8
  Sewer (visited)          Bailey (1/1)
    Orc: D:9-12

Altars:
Ashenzari
Cheibriados
Dithmenos
Gozag
Hepliaklqana
Kikubaaqudgha
Makhleb
Nemelex Xobeh
Okawaru
Qazlal
Ru
Sif Muna
Trog
Uskayaw
Vehumet
Wu Jian
Yredelemnul
Zin
The Shining One

Shops:
D:1 :   D:3 *


Innate Abilities, Weirdness & Mutations

You are immune to sickness and miasma.
Your stone body is resilient. (AC +8)
You are immune to poison.
You resist negative energy. (rN+)
You are resistant to electric shocks. (rElec)
You are resistant to unholy torment.
You are immune to petrification.


Message History

* * * LOW HITPOINT WARNING * * *
The orc warrior closely misses you.
You feel much better.
Casting: Sandblast (safe; 1% risk of failure)
Confirm with . or Enter, or press ? or * to list all spells.
Aiming: Sandblast (safe; 1% risk of failure)
Press: ? - help, Shift-Dir - straight line, f/p - orc knight
Aim: an orc knight, wielding a +0 war axe and wearing a +0 scale mail (moderately wounded, 82% to hit)
You feel a surge of power!
The blast of sand hits the orc knight!
The orc knight is heavily wounded.
The orc knight hits you with a +0 war axe.
The orc warrior hits you with a +0 broad axe!
Unknown command.
Unknown command.
Unknown command.
Casting: Sandblast (safe; 1% risk of failure)
Confirm with . or Enter, or press ? or * to list all spells.
Aiming: Sandblast (safe; 1% risk of failure)
Press: ? - help, Shift-Dir - straight line, f/p - orc knight
Aim: an orc knight, wielding a +0 war axe and wearing a +0 scale mail (heavily wounded, 82% to hit)
You feel a surge of power!
The blast of sand hits the orc knight!!
The orc knight is almost dead.
The orc knight hits you but does no damage.
The orc warrior hits you with a +0 broad axe!!
* * * LOW HITPOINT WARNING * * *
Unknown command.
You feel much better.
The orc knight hits you with a +0 war axe.
The orc warrior barely misses you.
Casting: Sandblast (safe; 1% risk of failure)
Confirm with . or Enter, or press ? or * to list all spells.
Aiming: Sandblast (safe; 1% risk of failure)
Press: ? - help, Shift-Dir - straight line, f/p - orc knight
Aim: an orc knight, wielding a +0 war axe and wearing a +0 scale mail (almost dead, 82% to hit)
You feel a surge of power!
The blast of sand misses the orc knight.
The orc knight hits you with a +0 war axe!
* * * LOW HITPOINT WARNING * * *
The orc warrior hits you with a +0 broad axe!
You die...

#.###~~.......~~###.#
#....~~.......~~....#
#####~~.......~~#####
##~.......~##
####'''#### ##.....##
#∩.....∩# #...8...#
##..o@.## ###o###
#.K. ...... .......K
...........
...........K
.............


You could see an orc knight, an orc warrior (strong) and a kobold brigand.

Vanquished Creatures
  4 elephants (D:8)
  Joseph (D:8)
  2 trolls
  A hornet (D:9)
  Grinder (D:4)
  4 yaks (D:8)
  3 wyverns (D:8)
  A steam dragon (D:7)
  2 water moccasins (D:8)
  2 ogres (D:7)
  A crocodile (Sewer)
  4 centaurs
  Blork the orc (D:4)
  10 kobold brigands
  A brain worm (Sewer)
  A bullfrog (D:7)
  2 scorpions (D:8)
  12 wights
  19 killer bees
  2 howler monkeys
  5 hounds (D:5)
  A bombardier beetle (D:7)
  3 jellies
  2 orc priests
  Ijyb (D:3)
  Terence (D:2)
  Natasha (thrice) (D:4)
  2 iguanas
  3 orc wizards
  7 adders
  A river rat (D:4)
  A white imp (D:6)
  2 dart slugs
  3 ribbon worms
  16 orcs
  9 bats
  5 endoplasms
  2 giant cockroaches (D:3)
  3 goblins
  5 hobgoblins
  3 quokkas
  5 ball pythons
  2 frilled lizards
  33 kobolds
  5 rats
197 creatures vanquished.

Notes
Turn   | Place    | Note
-------+----------+-------------------------------------------
     0 | D:1      | shadizar the Gargoyle Earth Elementalist began the quest
                  | for the Orb.
     0 | D:1      | Reached XP level 1. HP: 10/10 MP: 3/3
   180 | D:1      | Found Ipiy's Vocational Training.
   197 | D:1      | Reached XP level 2. HP: 16/16 MP: 0/5
   200 | D:1      | Reached skill level 1 in Fighting
   883 | D:2      | Reached XP level 3. HP: 20/20 MP: 3/6
  1251 | D:2      | Noticed Terence
  1254 | D:2      | Killed Terence
  1255 | D:2      | Reached skill level 4 in Earth Magic
  1357 | D:2      | Learned a level 3 spell: Stone Arrow
  1688 | D:3      | Reached XP level 4. HP: 26/26 MP: 4/7
  1784 | D:3      | Found Mudaygg's General Store.
  1806 | D:3      | Bought a +0 pair of gloves for 45 gold pieces
  1969 | D:3      | Noticed Ijyb
  1972 | D:3      | Killed Ijyb
  2403 | D:3      | Reached XP level 5. HP: 32/32 MP: 5/9
  2819 | D:4      | Found a glowing drain.
  2830 | Sewer    | Entered a sewer
  2898 | Sewer    | Reached XP level 6. HP: 38/38 MP: 7/10
  2949 | Sewer    | Reached skill level 5 in Earth Magic
  3117 | D:4      | Identified the +6 quarterstaff of Sloth {flame, rPois rN+
                  | Int+5 Dex-3}
  3149 | D:4      | Noticed Grinder
  3334 | D:4      | Noticed Blork the orc
  3359 | D:4      | Found a staircase to the Ecumenical Temple.
  3426 | Temple   | Entered the Ecumenical Temple
  3587 | D:5      | Entered Level 5 of the Dungeon
  4014 | D:5      | Reached skill level 5 in Fighting
  4014 | D:5      | Reached XP level 7. HP: 44/44 MP: 8/12
  4283 | D:5      | Reached skill level 6 in Earth Magic
  5005 | D:6      | Found a shimmering blue altar of Sif Muna.
  5120 | D:6      | Reached XP level 8. HP: 40/51 MP: 10/14
  5886 | D:7      | Reached skill level 7 in Earth Magic
  5909 | D:7      | Reached skill level 5 in Spellcasting
  5958 | D:7      | Found a shadowy altar of Dithmenos.
  6075 | D:7      | Found an opulent altar of Gozag.
  6078 | D:7      | Found a broken altar of Ashenzari.
  6085 | D:7      | Noticed a troll
  6091 | D:7      | Reached XP level 9. HP: 57/57 MP: 15/17
  6092 | D:7      | Killed a troll
  6093 | D:7      | Reached skill level 8 in Earth Magic
  6217 | D:7      | Found a radiant altar of Vehumet.
  6236 | D:7      | Became a worshipper of Vehumet
  6604 | D:4      | Noticed Natasha
  6606 | D:4      | Killed Grinder
  6607 | D:4      | Killed Blork the orc
  6608 | D:4      | Reached skill level 5 in Conjurations
  6608 | D:4      | Killed Natasha
  6608 | D:4      | Noticed Natasha
  6612 | D:4      | Killed Natasha
  6719 | D:4      | Noticed Natasha
  6723 | D:4      | Killed Natasha
  7187 | D:8      | Noticed an elephant
  7298 | D:8      | Noticed an elephant
  7340 | D:8      | Killed an elephant
  7341 | D:8      | Reached skill level 9 in Earth Magic
  7420 | D:8      | Noticed Joseph
  7430 | D:8      | Killed Joseph
  7431 | D:8      | Reached XP level 10. HP: 22/65 MP: 8/20
  7568 | D:8      | Noticed an elephant
  7574 | D:8      | Killed an elephant
  7629 | D:8      | Reached * piety under Vehumet
  7629 | D:8      | Offered knowledge of Shock by Vehumet.
  7739 | D:8      | Killed an elephant
  7740 | D:8      | Reached skill level 1 in Armour
  8017 | D:8      | Identified the +0 chain mail of Robben {rC- Regen+ Str+3
                  | Int+3}
  8065 | D:8      | Reached skill level 10 in Earth Magic
  8170 | D:8      | Found a staircase to the Lair.
  8185 | D:8      | Noticed an elephant
  8200 | D:8      | Killed an elephant
  8280 | D:8      | Offered knowledge of Static Discharge by Vehumet.
  8614 | D:8      | Reached ** piety under Vehumet
  8718 | D:9      | Reached XP level 11. HP: 61/71 MP: 17/22
  8870 | D:9      | Found a flagged portal.
  8884 | Bailey   | Entered a bailey
  8892 | Bailey   | Offered knowledge of Scorch by Vehumet.
  8976 | Bailey   | Reached *** piety under Vehumet
  9058 | Bailey   | Noticed an orc knight
  9075 | Bailey   | HP: 3/71 [orc warrior/+0 broad axe (22)]
  9077 | Bailey   | Slain by an orc warrior

Illustrated notes

Levels and vault maps discovered:
D:1:      eino_arrival_cavern_e, layout_loops_ring, nicolae_shop_vocational
D:2:      layout_loops_ring, uniq_terence
D:3:      layout_basic, serial_shops, shop, uniq_ijyb
D:4:      layout_loops_ring, minmay_temple_entry_gardened_gates,
          mainiacjoe_sewer_entry_somewhere_in_here_2, uniq_blork_the_orc,
          uniq_natasha, uniq_grinder
D:5:      layout_loops_corners, hangedman_abyss_or_decor_passed
D:6:      layout_layer_cave, mainiacjoe_overflow_paths
D:7:      layout_loops_cross, nicolae_overflow_squiral,
          mainiacjoe_overflow_large_starburst
D:8:      wad_woods_tower, layout_cave_pools, minmay_lair_entry_grove,
          nicolae_wwwww, uniq_joseph
D:9:      layout_basic, enter_bailey_2
Temple:   nicolae_temple_bog_church
Bailey:   bailey_axe_3, bailey

Skill      XL: |  1  2  3  4  5  6  7  8  9 10 |
---------------+-------------------------------+-----
Fighting       | 1 2 3 4 5 7 8 9 |  9.6
Conjurations   | 2 4 6 7 |  7.6
Earth Magic    | 4 5 6 7 9 10 | 10.4
Spellcasting   | 3 4 5 6 7 |  7.8
Armour         | 3 |  3.7
Dodging        | 3 |  3.4
Stealth        | |  2.1

Action                     |  1- 3 |  4- 6 |  7- 9 | 10-12 || total
---------------------------+-------+-------+-------+-------++-------
  Melee: Short sword       |     2 |       |       |       ||     2
         Staff             |       |       |     1 |    30 ||    31
   Cast: Sandblast         |    27 |    60 |    92 |   125 ||   304
         Stone Arrow       |       |       |     6 |    31 ||    37
  Evoke: Wand              |     2 |     2 |     1 |       ||     5
    Use: Scroll            |       |     9 |     8 |     2 ||    19
         Potion            |       |       |       |     5 ||     5
 Armour: Robe              |     1 |    15 |    38 |     2 ||    56
         Scale mail        |       |       |       |   149 ||   149
  Dodge: Dodged            |     5 |    10 |    29 |    83 ||   127

Table legend: (Time is in decaauts)
 A = Elapsed time spent in this place.
 B = Non-inter-level travel time spent in this place.
 C = Inter-level travel time spent in this place.
 D = Time resting spent in this place.
 E = Time spent auto-exploring this place.
 F = Levels seen in this place.
 G = Mean time per level.
                   A        B        C        D        E       F      G
               +--------+--------+--------+--------+--------+-----+--------+
         Total |   9264 |   8934 |    330 |      0 |   6544 |  12 |  772.0 |
       Dungeon |   8658 |   8328 |    330 |      0 |   6344 |   9 |  962.0 |
        Temple |    137 |    137 |      0 |      0 |      0 |   1 |  137.0 |
         Sewer |    256 |    256 |      0 |      0 |    167 |   1 |  256.0 |
        Bailey |    212 |    212 |      0 |      0 |     33 |   1 |  212.0 |
               +--------+--------+--------+--------+--------+-----+--------+

Top non-repeatable levels by time:
     D:8: 1588 daAuts
     D:6: 1191 daAuts
     D:3: 1150 daAuts
     D:5: 1064 daAuts
     D:4: 949 daAuts
     D:1: 888 daAuts
     D:7: 860 daAuts
     D:2: 735 daAuts
   Sewer: 256 daAuts
     D:9: 229 daAuts
  Bailey: 212 daAuts
  Temple: 137 daAuts
